 Dungeon Crawl Stone Soup version 0.27-a0-1497-gf8f22f7954 (webtiles) character file.

Game seed: 2958189091198724992

35 Lavandula the Vexing (level 3, 0/24 HPs)
             Began as a Vampire Enchanter on July 7, 2021.
             Hit by a goblin thrown by Robin (3 damage)
             ... on level 2 of the Dungeon.
             The game lasted 00:01:40 (577 turns).

Lavandula the Vexing (Vampire Enchanter)             Turns: 577, Time: 00:01:41

Health: 0/24       AC:  2    Str:  7    XL:     3   Next: 17%
Magic:  6/6        EV: 12    Int: 18    God:
Gold:   38         SH:  0    Dex: 14    Spells: 3/6 levels left

rFire    . . .     SeeInvis +   a - +1 dagger
rCold    . . .     Faith    .   (no shield)
rNeg     . . .     Spirit   .   b - +0 robe
rPois    .         Reflect  .   (no helmet)
rElec    .         Harm     .   (no cloak)
rCorr    .         Rampage  .   (no gloves)
Will     .....                  (no boots)
Stlth    +++.......             (no amulet)
HPRegen  0.28/turn              (no ring)
MPRegen  0.10/turn              (no ring)

@: healing quickly
A: alive, fangs 3, see invisible, vampiric 2
a: Exsanguinate


You were on level 2 of the Dungeon.
You visited 1 branch of the dungeon, and saw 2 of its levels.

You collected 38 gold pieces.

Inventory:

Hand Weapons
 a - a +1 dagger (weapon)
Armour
 b - a +0 robe (worn)
Scrolls
 d - a scroll of identify {unknown}
 h - a scroll of teleportation {unknown}
 i - a scroll of torment {unknown}
Potions
 c - a potion of degeneration {unknown}
 e - a potion of attraction {unknown}
 f - a potion of curing {unknown}
 g - a potion of flight {unknown}


   Skills:
 + Level 3.5 Short Blades
 - Level 2.1 Dodging
 - Level 4.4 Stealth
 - Level 2.0 Spellcasting
 - Level 4.4 Hexes


You had 3 spell levels left.
You knew the following spells:

 Your Spells              Type           Power      Damage    Failure   Level
a - Corona                Hex            18%        N/A       3%          1
b - Ensorcelled Hibernat  Hex/Ice        18%        N/A       11%         2

Your spell library contained the following spells:

 Spells                   Type           Power      Damage    Failure   Level
 Confusing Touch          Hex            17%        N/A       9%          3
 Tukima's Dance           Hex            17%        N/A       9%          3
 Sandblast                Erth           2%         2d4       19%         1
 Dazzling Flash           Conj/Hex       18%        N/A       22%         3
 Inner Flame              Hex/Fire       9%         N/A       22%         3
 Passwall                 Tmut/Erth      0%         N/A       26%         2
 Cause Fear               Hex            8%         N/A       30%         4
 Lee's Rapid Deconstruct  Erth           0%         3d5*      99%         5
 Discord                  Hex            8%         N/A       100%        8


Dungeon Overview and Level Annotations

Branches:
Dungeon (2/15)

Altars:

Annotations:
D:2 Robin


Innate Abilities, Weirdness & Mutations

Your natural rate of healing is accelerated.
You have razor-sharp teeth.
You have supernaturally acute eyesight. (SInv)
You are afflicted with vampirism and can become a bat while bloodless.


Message History

The goblin shouts!
The hobgoblin shouts!
You hear a shout!
A goblin comes into view. It is wielding a +0 club.
A goblin comes into view. It is wielding a +0 dagger.
The goblin hits you with a +0 dagger.
The goblin shouts! x2
You hit the hobgoblin but do no damage.
You hear a shout! x3
The goblin completely misses you.
Robin of the Strong Arm comes into view.
They are wielding a +0 mace.
Robin throws the goblin at you! The goblin barely misses you.
The goblin misses you. The hobgoblin barely misses you.
You hit the goblin.
The goblin is moderately wounded.
The goblin hits you with a +0 dagger.
You hit the goblin.
The goblin is almost dead.
You hit the goblin.
You kill the goblin!
You hit the goblin.
The goblin is moderately wounded.
You hit the goblin but do no damage.
The goblin is moderately wounded.
You hit the goblin. Your bite misses the goblin.
The goblin is severely wounded.
The goblin hits you with a +0 dagger. The goblin hits you with a +0 club.
You closely miss the goblin.
The goblin is severely wounded.
The goblin hits you with a +0 dagger.
You hit the goblin.
You kill the goblin!
The goblin hits you with a +0 club. Robin throws the goblin at you!
You are too injured to fight recklessly!
The goblin hits you with a +0 club. The goblin hits you with a +0 club.
* * * LOW HITPOINT WARNING * * *
The goblin hits you with a +0 club.
* * * LOW HITPOINT WARNING * * *
Robin throws the goblin at you!
You die...

#.... ####.#.# ..
####..gg#.###..#
#...gggg......#
.....######g##### ###
##.)# #gg## #g#####..
##@#......
..#####g...#.........#
..........##.........#
#.####..####.........#
#.........##.........#
######.##.##........[#
##.##..#.........#
#................#
....####...........#


You could see Robin, a hobgoblin and 3 goblins.

Vanquished Creatures
  An adder (D:1)
  A worm (D:2)
  A bat (D:1)
  2 endoplasms (D:1)
  A giant cockroach (D:1)
  3 goblins
  5 hobgoblins
  A kobold (D:1)
  2 ball pythons (D:1)
  2 frilled lizards (D:1)
  3 rats (D:1)
22 creatures vanquished.

Notes
Turn   | Place    | Note
-------+----------+-------------------------------------------
     0 | D:1      | Lavandula the Vampire Enchanter began the quest for the
                  | Orb.
     0 | D:1      | Reached XP level 1. HP: 13/13 MP: 3/3
   173 | D:1      | Found a faded altar of an unknown god.
   186 | D:1      | Reached XP level 2. HP: 17/19 MP: 3/5
   385 | D:2      | Learned a level 2 spell: Ensorcelled Hibernation
   434 | D:1      | Gained mutation: You are afflicted with vampirism and can
                  | become a bat while bloodless. [Vampire growth]
   434 | D:1      | Reached XP level 3. HP: 24/24 MP: 0/6
   562 | D:2      | Noticed Robin
   577 | D:2      | Hit by a goblin thrown by Robin

Illustrated notes

Levels and vault maps discovered:
D:1:      dpeg_arrival_prison, layout_loops_ring, ebering_ecumenical_altar_box
D:2:      layout_rooms, minmay_misc_feat_square, uniq_robin

Skill      XL: |  1  2 |
---------------+-------+-----
Short Blades   | 2 3 |  3.5
Dodging        | |  2.1
Stealth        | |  4.4
Spellcasting   | |  2.0
Hexes          | |  4.4

Action                   || total
-------------------------++-------
Melee: Dagger            ||    66
       Bite              ||     5
 Cast: Corona            ||     3
       Ensorcelled Hiber ||     4
 Stab: Sleeping          ||     7
Armor: Robe              ||     6
Dodge: Dodged            ||    32

Table legend: (Time is in decaauts)
 A = Elapsed time spent in this place.
 B = Non-inter-level travel time spent in this place.
 C = Inter-level travel time spent in this place.
 D = Time resting spent in this place.
 E = Time spent auto-exploring this place.
 F = Levels seen in this place.
 G = Mean time per level.
                   A        B        C        D        E       F      G
               +--------+--------+--------+--------+--------+-----+--------+
         Total |    569 |    526 |     43 |      0 |    320 |   2 |  284.5 |
       Dungeon |    569 |    526 |     43 |      0 |    320 |   2 |  284.5 |
               +--------+--------+--------+--------+--------+-----+--------+

Top non-repeatable levels by time:
     D:1: 444 daAuts
     D:2: 124 daAuts
